 Dungeon Crawl Stone Soup version 0.31-a0-986-g5e6e4ef867 (webtiles) character file.

Game seed: 13110353951078386502

51 Dordric the Ruffian (level 3, -5/32 HPs)
             Began as a Troll Shapeshifter on Nov 7, 2023.
             Was an Initiate of Ashenzari.
             Slain by Grinder (6 damage)
             ... on level 3 of the Dungeon.
             The game lasted 00:02:29 (1884 turns).

Dordric the Ruffian (Troll Shapeshifter)            Turns: 1884, Time: 00:02:30

Health: -5/32      AC:  4    Str: 28    XL:     3   Next: 57%
Magic:  2/2        EV:  9    Int:  6    God:    Ashenzari [......]
Gold:   123        SH:  0    Dex: 11    Spells: 2/2 levels left

rFire   . .          .
                       - Unarmed
rCold   . . .        (no shield)
rNeg    . . .        a - +0 animal skin
rPois   .            (helmet currently unavailable)
rElec   .            (cloak currently unavailable)
rCorr   .            (gloves unavailable)
SInv    .            (boots unavailable)
Will    .....        (no amulet)
Stlth   +            p - +6 ring of strength
HPRegen 1.05/turn    (no ring)
MPRegen 0.08/turn

%: no passive effects
@: beast-form
A: beast (slay +2), large, unfitting armour, claws 3, regeneration 1, shaggy fur
1, tough skin 1
a: Begin Untransformation, Renounce Religion


You were on level 3 of the Dungeon.
You worshipped Ashenzari.
Ashenzari was noncommittal.
You were a hulking beast.
You visited 1 branch of the dungeon, and saw 3 of its levels.

You collected 123 gold pieces.

Inventory:

Armour
 a - a +0 animal skin (worn)
Jewellery
 p - a +6 ring of strength (left claw)
Talismans
 c - a beast talisman
 d - a flux talisman
Scrolls
 g - 3 scrolls of noise {unknown}
 h - 2 scrolls of teleportation {unknown}
 i - 2 scrolls of amnesia {unknown}
 j - a scroll of immolation {unknown}
 l - a scroll of enchant weapon {unknown}
 m - a scroll of identify {unknown}
 n - a scroll of fear {unknown}
 q - a scroll of enchant armour {unknown}
Potions
 b - a potion of lignification
 e - 2 potions of curing {unknown}
 f - a potion of attraction {unknown}
 k - a potion of heal wounds {unknown}
 o - a potion of degeneration {unknown}
 r - a potion of berserk rage {unknown}


   Skills:
 - Level 0.7 Fighting
 - Level 1.5 Dodging
 + Level 3.9 Unarmed Combat
 + Level 3.7 Shapeshifting


You had 2 spell levels left.
You didn't know any spells.
Your spell library was empty.

Dungeon Overview and Level Annotations

Branches:
Dungeon (3/15)

Altars:
Ashenzari

Annotations:
D:3 Grinder


Innate Abilities, Weirdness & Mutations

You are a hulking beast.
Your limbs bulge with bestial killing power. (Slay +2)
You are too large for most types of armour.
You have claws for hands.
Your natural rate of healing is unusually fast.
You are covered in fur. (AC +1)
You have tough skin. (AC +1)


Message History

Done waiting.
You climb downwards.
Level annotation: Grinder Grinder blinks!
There is a stone staircase leading up here.
Grinder gestures at you.
You suddenly lose the ability to move!
Grinder blinks!
You can move again.
You closely miss Grinder. You scratch Grinder but do no damage.
Grinder blinks!
Grinder hits you!
You barely miss Grinder. Grinder gestures at you.
Pain shoots through your body!
You are too injured to fight recklessly!
You are too injured to fight recklessly!
You are too injured to fight recklessly!
You are too injured to fight recklessly!
You are too injured to fight recklessly!
You are too injured to fight recklessly!
You are too injured to fight recklessly!
You are too injured to fight recklessly!
You are too injured to fight recklessly!
You are too injured to fight recklessly!
You are too injured to fight recklessly!
You are too injured to fight recklessly!
You are too injured to fight recklessly!
You are too injured to fight recklessly!
You claw Grinder!
Grinder is moderately wounded.
Grinder hits you.
You writhe in agony.
* * * LOW HITPOINT WARNING * * *
You completely miss Grinder.
Grinder is moderately wounded.
Grinder hits you.
* * * LOW HITPOINT WARNING * * *
You writhe in agony.
You die...
Grinder says, "Now the real fun starts!"

#.........# #.######.......#
#####.##### #.# ##.#####.#
#....>.# ##'#####..#...#..
#.##.#.# ##...#.....#...#.. #.
#.#.# ##.......####...###
#.##...# ##<.......#⌠.##'##.⌠
#......####.........#.........
###....)))'......#.###.......#
##...####..h...#...#.......#
#..## ##.5.......'..._...'
#.....))..#
##....#...#.......#
#.###...#.# ##...#####.......#
###.# # ##+....#......... g#
#.##..#⌠.#.+##.⌠ .#
#.##..####...##. ..
##.##.........#.. .#
##.....##..#...#..


You could see Grinder.

Vanquished Creatures
  Robin (D:3)
  A dart slug (D:1)
  An orc (D:3)
  2 ball pythons
  3 bats
  4 endoplasms
  2 giant cockroaches
  9 goblins
  A hobgoblin (D:3)
  2 quokkas
  A frilled lizard (D:2)
  2 kobolds
  3 rats
32 creatures vanquished.

Notes
Turn   | Place    | Note
-------+----------+-------------------------------------------
     0 | D:1      | Dordric the Troll Shapeshifter began the quest for the Orb.
     0 | D:1      | Reached XP level 1. HP: 18/18 MP: 0/0
   460 | D:1      | Reached XP level 2. HP: 26/26 MP: 1/1
  1431 | D:3      | Found a broken altar of Ashenzari.
  1461 | D:3      | Reached XP level 3. HP: 32/32 MP: 2/2
  1479 | D:3      | Became a worshipper of Ashenzari the Shackled
  1745 | D:3      | Noticed Grinder
  1747 | D:3      | Noticed Robin
  1763 | D:3      | Killed Robin
  1764 | D:3      | Paralysed by Grinder for 2 turns
  1873 | D:3      | Paralysed by Grinder for 4 turns
  1884 | D:3      | HP: 1/32 [Grinder (5)]
  1884 | D:3      | Slain by Grinder

Illustrated notes

Levels and vault maps discovered:
D:1:      dpeg_arrival_leaves_temple_mockup, layout_basic
D:2:      layout_loops_cross, hangedman_abyss_or_decor_stabs, st_stairs_13
D:3:      layout_loops_corners, evilmike_ruin_ashenzari, minmay_rat_hole,
          uniq_grinder, uniq_robin

Action                     || total
---------------------------++-------
  Melee: Unarmed           ||    62
   Stab: Sleeping          ||     1
 Armour: Animal skin       ||    33
  Dodge: Dodged            ||    18

Table legend: (Time is in decaauts)
 A = Elapsed time spent in this place.
 B = Non-inter-level travel time spent in this place.
 C = Inter-level travel time spent in this place.
 D = Time resting spent in this place.
 E = Time spent auto-exploring this place.
 F = Levels seen in this place.
 G = Mean time per level.
                   A        B        C        D        E       F      G
               +--------+--------+--------+--------+--------+-----+--------+
         Total |   1879 |   1808 |     71 |    100 |   1514 |   3 |  626.3 |
       Dungeon |   1879 |   1808 |     71 |    100 |   1514 |   3 |  626.3 |
               +--------+--------+--------+--------+--------+-----+--------+

Top non-repeatable levels by time:
     D:1: 814 daAuts
     D:2: 648 daAuts
     D:3: 416 daAuts
